 Dungeon Crawl Stone Soup version 0.25-b1-41-g19641232cd (webtiles) character file.

Game seed: 16436077563793537279

6 xccam the Insei (level 1, 0/13 HPs)
             Began as an Octopode Transmuter on June 8, 2020.
             Slain by a giant cockroach (1 damage)
             ... on level 1 of the Dungeon.
             The game lasted 00:00:33 (162 turns).

xccam the Insei (Octopode Transmuter)                Turns: 162, Time: 00:00:34

Health: 0/13       AC:  1    Str:  8 (9)  XL:     1   Next: 90%
Magic:  2/3        EV: 13    Int: 13 (15) God:
Gold:   13         SH:  0    Dex: 10 (12) Spells: 3/4 levels left

rFire    . . .     SeeInvis .     - Unarmed
rCold    . . .     Gourm    .   (no shield)
rNeg     . . .     Faith    .   (helmet restricted)
rPois    .         Spirit   .   (no amulet)
rElec    .         Reflect  .   (no ring)
rCorr    .         Harm     .   (no ring)
MR       .....                  (no ring)
Stlth    ++........             (no ring)
HPRegen  0.04/turn              (no ring)
MPRegen  0.08/turn              (no ring)
                                (no ring)
                                (no ring)

@: appendage
A: almost no armour, stealthy swim, amphibious, 8 rings, constrict 8, tentacle
spike 3, camouflage 1, gelatinous body 1
a: End Transformation


You were on level 1 of the Dungeon.
You were not hungry.
One of your tentacles had a temporary spike.
You visited 1 branch of the dungeon, and saw 1 of its levels.

You collected 13 gold pieces.

Inventory:

Missiles
 a - 48 arrows
Scrolls
 b - a scroll of identify {unknown}
 d - a scroll of amnesia {unknown}
 e - a scroll of remove curse {unknown}
Potions
 g - a potion of degeneration
Comestibles
 c - 2 rations
 f - 5 chunks of flesh


   Skills:
 - Level 1.0 Fighting
 - Level 2.0 Dodging
 + Level 3.4 Unarmed Combat
 - Level 2.0 Spellcasting
 - Level 2.0 Transmutations


You had 3 spell levels left.
You knew the following spells:

 Your Spells              Type           Power        Failure   Level  Hunger
a - Beastly Appendage     Tmut           #.....       11%         1    ##.....

Your spell library contained the following spells:

 Spells                   Type           Power        Failure   Level  Hunger
 Sticks to Snakes         Tmut           #.......     17%         2    ###....
 Spider Form              Tmut/Pois      #.........   45%         3    ####...
 Ice Form                 Ice/Tmut       #.......     86%         4    #####..
 Blade Hands              Tmut           #.........   97%         5    ######.


Dungeon Overview and Level Annotations

Branches:
Dungeon (1/15)

Altars:


Innate Abilities, Weirdness & Mutations

You cannot wear most types of armour.
You are very stealthy in the water. (Stealth+)
You are amphibious.
You can wear up to eight rings at the same time.
You can use your tentacles to constrict eight enemies at once.
Your skin changes colour to match your surroundings (Stealth+).
Your rubbery body absorbs attacks. (AC +1, EV +1)
One of your tentacles bears a large vicious spike.


Message History

Confirm with . or Enter, or press ? or * to list all spells.
One of your tentacles grows a vicious spike.
The bat hits you.
* * * LOW HITPOINT WARNING * * *
The bat hits you but does no damage.
You tentacle-slap the bat. You grab the bat.
The bat is moderately wounded.
You constrict the bat. The bat hits you.
* * * LOW HITPOINT WARNING * * *
The bat misses you.
You tentacle-slap the bat.
You kill the bat!
The giant cockroach closely misses you.
It was a potion of degeneration.
There was something very wrong with that liquid.
You feel weakened.
You feel dopey.
You feel clumsy. The giant cockroach barely misses you.
You closely miss the giant cockroach. You grab the giant cockroach.
You constrict the giant cockroach. The giant cockroach bites you.
You die...

..≈....# #..#.##.##.##
÷♣...### #....##.##.#
≈≈≈≈.######.#.(.....#
#...≈# (..#.#.##.####
≈≈♣.....#.#......#
≈.##.####........# .≈..♣##
#........#
.≈.≈..###...#.##.#
.####.##......##@# .# .#
.# ...........##s# .##.#
.#.♣♣♣♣♣♣♣♣♣...#g# .....
.#.♣PP..PP..♣..w.# ...#
.#.♣PP..P...♣..### #...##
.#.♣..PP...P♣..# ##.....##
...♣..P.<.PP♣w####.......#
...♣PP...P..♣............#
...♣P...PP..♣..gw..#......


You could see a dart slug, a giant cockroach and a goblin.

Vanquished Creatures
  A goblin (D:1)
  2 ball pythons (D:1)
  2 bats (D:1)
  A kobold (D:1)
  2 rats (D:1)
8 creatures vanquished.

Notes
Turn   | Place    | Note
-------+----------+-------------------------------------------
     0 | D:1      | xccam the Octopode Transmuter began the quest for the Orb.
     0 | D:1      | Reached XP level 1. HP: 13/13 MP: 3/3
   162 | D:1      | Slain by a giant cockroach

Illustrated notes

Levels and vault maps discovered:
D:1:      scummos_arrival_checkerplants, layout_loops_cross,
          chequers_serial_rivers_marsh

Action                   || total
-------------------------++-------
Melee: Unarmed           ||    15
       Constrict         ||     5
       Tentacles         ||     1
 Cast: Beastly Appendage ||     2
  Use: Potion            ||     1
 Stab: Sleeping          ||     1
Armor: Skin              ||     7
Dodge: Dodged            ||    20
